 Dungeon Crawl Stone Soup version 0.28-a0-563-gf77a47075d (webtiles) character file.

Game seed: 5410518711154528272

3202 Spaninq the Slasher (level 9, -1/48 HPs)
             Began as a Vine Stalker Brigand on Sept 29, 2021.
             Was a Follower of Ashenzari.
             Slain by Joseph (7 damage)
             ... on level 7 of the Dungeon.
             The game lasted 00:24:05 (6853 turns).

Spaninq the Slasher (Vine Stalker Brigand)          Turns: 6853, Time: 00:24:06

Health: -1/48      AC:  5    Str: 16    XL:     9   Next: 96%
Magic:  0/19       EV: 11    Int: 11    God:    Ashenzari [*.....]
Gold:   246        SH:  5    Dex: 17    Spells: 20/20 levels left

rFire   . . .      SeeInvis .   i - +1 dagger (venom)
rCold   . . .      Faith    .   (no shield)
rNeg    . . .      Spirit   +   b - +0 robe
rPois   .          Reflect  +   h - +0 helmet of Ashenzari's Pessimism {Fort, Range} (curse)
rElec   .          Harm     .   c - +0 cloak
rCorr   .          Rampage  .   a - +0 pair of gloves of the Fated Annoyance {Melee, Range} (curse)
Will    +....                   (no boots)
Stlth   +++.......              k - amulet of reflection
HPRegen 1.16/turn               (no ring)
MPRegen 0.16/turn               (no ring)

@: no status effects
A: fangs 3, regeneration 1, magic shield, antimagic bite, no potion heal 2
a: Renounce Religion, Shatter the Chains


You were on level 7 of the Dungeon.
You worshipped Ashenzari.
Ashenzari was aware of your devotion.
You visited 1 branch of the dungeon, and saw 7 of its levels.

You collected 251 gold pieces.
You donated 5 gold pieces to Zin.

Inventory:

Hand Weapons
 i - a +1 dagger of venom (weapon)
 n - a +2 dagger of speed
 x - a +6 hand crossbow
Missiles
 d - 18 poisoned darts (quivered)
 e - 2 curare-tipped darts
 o - a throwing net
 y - 17 bolts
Armour
 a - the cursed +0 pair of gloves of the Fated Annoyance (worn) {Melee, Range}
   (You found it on level 3 of the Dungeon)

   It has a curse which improves the following skills: Melee Combat: Short
   Blades, Long Blades, Axes, Maces & Flails, Polearms, Staves and Unarmed
   Combat.
   Ranged Combat: Slings, Bows, Crossbows and Throwing.
 b - a +0 robe (worn)
 c - a +0 cloak (worn)
 h - the cursed +0 helmet of Ashenzari's Pessimism (worn) {Fort, Range}
   (You found it on level 5 of the Dungeon)

   It has a curse which improves the following skills: Fortitude: Armour and
   Shields.
   Ranged Combat: Slings, Bows, Crossbows and Throwing.
 z - a +2 chain mail of cold resistance
Jewellery
 k - an amulet of reflection (around neck)
Wands
 m - a wand of paralysis (3)
 u - a wand of flame (12)
Scrolls
 g - a scroll of blinking
 j - a scroll of enchant weapon
 r - 2 scrolls of teleportation
 s - 5 scrolls of enchant armour
 t - a scroll of amnesia
 v - 3 scrolls of brand weapon
 w - 3 scrolls of magic mapping
Potions
 f - 5 potions of curing
 l - a potion of ambrosia
 p - a potion of attraction


   Skills:
 + Level 6.2 Fighting
 - Level 1.7(5.5) Short Blades
 - Level 7.7(8.9) Long Blades
 * Level 3.1(4.5) Crossbows
 - Level 1.7(2.9) Throwing
 + Level 2.8(3.7) Armour
 - Level 0.7 Dodging
 - Level 5.1 Stealth
 + Level 6.2 Spellcasting


You had 20 spell levels left.
You didn't know any spells.
Your spell library was empty.

Dungeon Overview and Level Annotations

Branches:
Dungeon (7/15)             Temple (0/1) D:7

Altars:
Ashenzari
Elyvilon
Kikubaaqudgha
Xom
Zin
The Shining One

Shops:
D:2 [

Annotations:
D:5 Grinder
D:7 Joseph


Innate Abilities, Weirdness & Mutations

You have razor-sharp teeth.
Your natural rate of healing is unusually fast.
When hurt, damage is shared between your health and your magic reserves.
Your bite disrupts and absorbs the magic of your enemies.
Potions cannot restore your health.


Message History

Joseph hits you with a +0 quarterstaff!
You hit Joseph but do no damage.
Joseph is poisoned.
You bite Joseph. You drain his power.
You feel invigorated.
Joseph is moderately wounded.
You hit Joseph but do no damage.
Joseph looks as sick as possible!
Joseph is moderately wounded.
Joseph hits you with a +0 quarterstaff.
You hit Joseph but do no damage. You bite Joseph. You drain his power.
You feel invigorated.
Joseph is moderately wounded.
Joseph closely misses you.
You hit Joseph. You bite Joseph, but do no damage.
Joseph is heavily wounded.
You hit Joseph.
Joseph is heavily wounded.
You block Joseph's attack.
You barely miss Joseph. Your bite misses Joseph.
Joseph is heavily wounded.
You block Joseph's attack.
You hit Joseph.
Joseph looks as sick as possible!
Joseph is severely wounded.
Joseph hits you with a +0 quarterstaff!
You hit Joseph but do no damage. You punch Joseph, but do no damage.
You bite Joseph, but do no damage.
Joseph is severely wounded.
You hit Joseph but do no damage.
Joseph looks as sick as possible!
Your bite misses Joseph.
Joseph is severely wounded.
Joseph misses you.
You hit Joseph.
Joseph looks as sick as possible!
You bite Joseph, but do no damage.
Joseph is severely wounded.
Joseph hits you with a +0 quarterstaff!!
* * * LOW HITPOINT WARNING * * *
Okay, then.
You hit Joseph but do no damage.
Joseph looks as sick as possible!
You bite Joseph. You drain his power.
You feel invigorated.
Joseph is severely wounded.
Joseph hits you with a +0 quarterstaff!
You die...

#.(....≈≈♣≈≈...#.#
###....≈≈≈≈≈....##
#......≈≈≈....##
#.............# #
#.............###
##................
#..........#.....#
##................#
#.@............#...
#.@......#.##.###.#
#........#. ## #..
.<.......# ..#
#......##.. ..#
##...##. .. #####
.. ..


You could see Joseph (extremely poisoned).

Vanquished Creatures
  Harold (D:7)
  Eustachio (D:6)
  4 vampire mosquitoes (D:5)
  2 steam dragons (D:7)
  A sky beast (D:5)
  A black bear (D:4)
  2 ogres (D:5)
  2 phantoms (D:6)
  2 centaurs (D:5)
  A kobold brigand (D:7)
  4 scorpions (D:6)
  A water moccasin zombie (D:6)
  A howler monkey (D:7)
  2 centaur skeletons
  2 hounds
  A gnoll shaman (D:5)
  A jelly (D:5)
  2 iguanas
  2 orc wizards
  A hound skeleton (D:5)
  A howler monkey zombie (D:7)
  11 gnolls
  7 adders
  2 white imps
  2 ufetubi (D:5)
  3 adder zombies
  3 adder skeletons
  2 worms
  2 dart slugs
  8 orcs
  10 ball pythons
  7 bats
  2 bat zombies (D:2)
  5 endoplasms
  2 giant cockroaches (D:4)
  5 goblins
  2 hobgoblins (D:2)
  5 jackals
  13 kobolds
  8 quokkas
  A ball python skeleton (D:2)
  A ball python zombie (D:2)
  4 frilled lizards
  A giant cockroach zombie (D:2)
  2 goblin skeletons (D:3)
  2 goblin zombies (D:3)
  3 hobgoblin zombies (D:3)
  A jackal skeleton (D:2)
  A kobold skeleton (D:3)
  A kobold zombie (D:3)
  2 orc skeletons (D:3)
  2 orc zombies (D:3)
  A quokka zombie (D:2)
  2 rats
  3 rat zombies (D:4)
161 creatures vanquished.

Vanquished Creatures (others)
  17 fungi (D:3)
  2 withered plants (D:2)
19 creatures vanquished.

Grand Total: 180 creatures vanquished

Notes
Turn   | Place    | Note
-------+----------+-------------------------------------------
     0 | D:1      | Spaninq the Vine Stalker Brigand began the quest for the
                  | Orb.
     0 | D:1      | Reached XP level 1. HP: 11/11 MP: 2/2
   217 | D:1      | Reached skill level 5 in Stealth
   217 | D:1      | Reached XP level 2. HP: 11/15 MP: 3/3
   248 | D:1      | Reached skill level 1 in Long Blades
   524 | D:1      | Reached XP level 3. HP: 18/18 MP: 4/4
  1217 | D:2      | Reached skill level 2 in Long Blades
  1392 | D:2      | Reached skill level 1 in Spellcasting
  1392 | D:2      | Gained mutation: Your natural rate of healing is unusually
                  | fast. [Vine Stalker growth]
  1392 | D:2      | Reached XP level 4. HP: 23/23 MP: 6/6
  1609 | D:2      | Found Kucuypt Leob's Armour Shoppe.
  1969 | D:3      | Found a glowing golden altar of the Shining One.
  2109 | D:3      | Found a glowing silver altar of Zin.
  2111 | D:3      | Noticed an angel
  2114 | D:3      | Found a shimmering altar of Xom.
  2139 | D:3      | Became a worshipper of Zin the Law-Giver
  2247 | D:3      | Found a faded altar of an unknown god.
  2270 | D:3      | Reached XP level 5. HP: 27/27 MP: 8/8
  2290 | D:3      | Found a broken altar of Ashenzari.
  2355 | D:3      | Reached skill level 3 in Long Blades
  2440 | D:3      | Fell from the grace of Zin
  2440 | D:3      | Became a worshipper of Ashenzari the Shackled
  2944 | D:4      | Reached XP level 6. HP: 32/32 MP: 10/10
  3045 | D:4      | Noticed a black bear
  3057 | D:4      | Killed a black bear
  3469 | D:4      | Found an ancient bone altar of Kikubaaqudgha.
  3611 | D:5      | Entered Level 5 of the Dungeon
  3622 | D:5      | Noticed Grinder
  3623 | D:5      | Noticed a sky beast
  3636 | D:5      | Killed a sky beast
  3637 | D:5      | Reached skill level 4 in Long Blades
  3637 | D:5      | Reached XP level 7. HP: 36/36 MP: 8/12
  4055 | D:5      | Noticed a vampire mosquito
  4119 | D:5      | Killed a vampire mosquito
  4120 | D:5      | Reached skill level 5 in Long Blades
  4255 | D:5      | Gained mutation: You have razor-sharp teeth. [Vine Stalker
                  | growth]
  4255 | D:5      | Reached XP level 8. HP: 19/42 MP: 12/14
  4483 | D:5      | Reached skill level 6 in Long Blades
  4498 | D:5      | Reached skill level 5 in Fighting
  5084 | D:6      | Reached skill level 5 in Spellcasting
  5084 | D:6      | Noticed Eustachio
  5097 | D:6      | Reached skill level 7 in Long Blades
  5118 | D:6      | Killed Eustachio
  5119 | D:6      | Reached skill level 1 in Armour
  5119 | D:6      | Reached XP level 9. HP: 23/47 MP: 6/17
  6015 | D:7      | Found a staircase to the Ecumenical Temple.
  6277 | D:7      | Reached * piety under Ashenzari
  6307 | D:7      | Reached skill level 1 in Crossbows
  6470 | D:7      | Noticed Harold
  6542 | D:7      | Killed Harold
  6807 | D:7      | Found a white marble altar of Elyvilon.
  6836 | D:7      | Noticed Joseph
  6853 | D:7      | Slain by Joseph

Illustrated notes

Levels and vault maps discovered:
D:1:      minmay_arrival_hallway, layout_loops_ring, hangedman_glass_teeth,
          minmay_tall_x
D:2:      layout_basic, serial_shops, nicolae_shop_waterfront, serial_undead,
          serial_undead_d, serial_undead_e, serial_undead_e, serial_undead_f,
          serial_undead_e, serial_undead_f, serial_undead_d, serial_undead_f,
          serial_undead_a, serial_undead_d, minmay_misc_feat_tiny
D:3:      layout_basic, grunt_temple_overflow_order_and_chaos_1,
          nicolae_tso_besieged_by_evil, mainiacjoe_overflow_cross_hatched,
          basic_ecumenical_altar, grunt_decor_one_mirror,
          kennysheep_generic_room_5
D:4:      layout_loops_ring, lemuel_zombie_altar_kikubaaqudgha
D:5:      layout_basic, uniq_grinder
D:6:      layout_layer_cave, uniq_eustachio
D:7:      layout_cave_pools, elyvilon_altar_3, temple_green,
          hangedman_decor_push, minmay_misc_feat_rugged, grunt_ministairs_12,
          uniq_maggie, uniq_harold, uniq_crazy_yiuf_cottage, uniq_joseph

Skill      XL: |  1  2  3  4  5  6  7  8  9 |
---------------+----------------------------+-----
Stealth        | 5 |  5.1
Fighting       | 2 3 4 5 6 |  6.2
Long Blades    | 1 2 3 4 5 7 |  7.7
Spellcasting   | 1 2 3 5 6 |  6.2
Armour         | 1 2 |  2.8
Crossbows      | 3 |  3.1
Short Blades   | |  1.7
Throwing       | |  1.7
Dodging        | |  0.7

Action                   |  1- 3 |  4- 6 |  7- 9 || total
-------------------------+-------+-------+-------++-------
Melee: Dagger            |    92 |   201 |   302 ||   595
       Bite              |    13 |    62 |   109 ||   184
       Punch             |       |       |     1 ||     1
Invok: Curse Item        |       |     1 |     1 ||     2
Evoke: Wand              |       |       |     1 ||     1
  Use: Potion            |       |       |     2 ||     2
 Stab: Sleeping          |     7 |    18 |     6 ||    31
       Distracted        |       |       |     1 ||     1
Armor: Robe              |    20 |    25 |    62 ||   107
Dodge: Dodged            |    40 |    47 |   138 ||   225
Block: Other             |     4 |    37 |    53 ||    94
       Reflection        |       |       |     2 ||     2

Table legend: (Time is in decaauts)
 A = Elapsed time spent in this place.
 B = Non-inter-level travel time spent in this place.
 C = Inter-level travel time spent in this place.
 D = Time resting spent in this place.
 E = Time spent auto-exploring this place.
 F = Levels seen in this place.
 G = Mean time per level.
                   A        B        C        D        E       F      G
               +--------+--------+--------+--------+--------+-----+--------+
         Total |   6705 |   6544 |    161 |    420 |   4410 |   7 |  957.9 |
       Dungeon |   6705 |   6544 |    161 |    420 |   4410 |   7 |  957.9 |
               +--------+--------+--------+--------+--------+-----+--------+

Top non-repeatable levels by time:
     D:6: 1205 daAuts
     D:5: 1121 daAuts
     D:1: 953 daAuts
     D:2: 913 daAuts
     D:3: 864 daAuts
     D:4: 834 daAuts
     D:7: 811 daAuts
